 Dungeon Sprint DCSS version 0.19-a0-1007-g133f65f (webtiles) character file.

420 Conn321 the Grappler (level 6, -5/71 HPs)
             Began as a Troll Berserker on July 20, 2016.
             Was a Priest of Trog.
             Slain by a slime creature (11 damage)
             ... in the Dungeon (Sprint I: "Red Sonja").
             The game lasted 00:01:16 (159 turns).

Conn321 the Grappler (Troll Berserker)               Turns: 159, Time: 00:01:16

Health: -5/71      AC: 10    Str: 28    XL:     6   Next: 62%
Magic:  5/5        EV: 12    Int:  3    God:    Trog [***...]
Gold:   11         SH:  0    Dex:  9    Spells: 0 memorised, 5 levels left

rFire  . . .     SeeInvis .     j - +4 scythe (protect)
rCold  . . .     Gourm    +     a - +0 animal skin
rNeg   . . .     Faith    .     (shield currently unavailable)
rPois  .         Spirit   .     (helmet restricted)
rElec  .         Dismiss  .     (no cloak)
rCorr  .         Reflect  .     (gloves unavailable)
SustAt .         Harm     .     (boots unavailable)
MR     .....     NoTele   +     (no amulet)
Stlth  +.........               (no ring)
                                (no ring)

@: studying Summonings, not resistant to hostile enchantments, very unstealthy
A: unfitting armour, claws 3, fast metabolism 3, gourmand, regeneration 2,
shaggy fur 1, tough skin 2
a: Berserk, Trog's Hand, Burn Spellbooks, Renounce Religion


You were in the Dungeon.
You worshipped Trog.
Trog was most pleased with you.
You were not hungry.

You visited 1 branch You collected 311 gold pieces.
You spent 300 gold pieces at shops.

Inventory:

Hand Weapons
 j - a +4 scythe of protection (weapon)
Armour
 a - a +0 animal skin (worn)
Scrolls
 h - a scroll of blinking
Potions
 c - a potion of curing
 d - a potion of heal wounds
 e - a potion of haste
 f - 2 potions of magic
 g - a potion of berserk rage
 i - a potion of brilliance {unknown}
Books
 l - a manual of Summonings Trog disapproves of the use of such an item.
Comestibles
 b - 2 bread rations
 k - 10 chunks of flesh


   Skills:
 + Level 7.0 Fighting
 * Level 2.5 Polearms
 + Level 7.3 Dodging
 + Level 8.6 Unarmed Combat


You had 5 spell levels left.
You didn't know any spells.

Dungeon Overview and Level Annotations

Branches:
Dungeon (1/1)

Altars:
Cheibriados
Dithmenos
Elyvilon
Fedhas
Gozag
Hepliaklqana
Kikubaaqudgha
Makhleb
Nemelex Xobeh
Okawaru
Pakellas
Qazlal
Ru
Sif Muna
Trog
Uskayaw
Vehumet
Xom
Yredelemnul
Zin
The Shining One
Jiyva

Shops:
D *


Innate Abilities, Weirdness & Mutations

You are too large for most types of armour.
You have claws for hands.
Your metabolism is lightning-fast.
You like to eat raw meat.
You heal very quickly.
You are covered in fur. (AC +1)
You have very tough skin. (AC +2)


Message History

The slime creature is almost dead.
The slime creature misses you. The slime creature barely misses you.
You slash the slime creature!
The slime creature is almost dead.
The slime creature hits you.
The slime creature jiggles.
The slime creature hits you!
* * * LOW HITPOINT WARNING * * *
You hit the slime creature.
The slime creature is almost dead.
The slime creature closely misses you. The slime creature misses you.
Attack whom?
Press: ? - help, Dir - move target cursor, f/p - slime creature
Aim: a slime creature (almost dead)
You barely miss the slime creature.
The slime creature is almost dead.
The slime creature hits you!
* * * LOW HITPOINT WARNING * * *
The slime creature hits you!
You die...

################ ##
#<.#..'..#.['..#__#
#..'))#..'..#.@J..+
#..#####'#####'#__#
#..####..#...#[# ##
#..#__####..##(#
#..#_____##'#..+
#⌠⌠#_.∩...÷..._#
####_._._##_.#'#
#_____###+#.#
####### ###


You could see a slime creature.

Vanquished Creatures
  Sigmund (D)
  A yak (D)
  An ogre (D)
  A jelly (D)
  Ijyb (D)
5 creatures vanquished.

Notes
Turn   | Place    | Note
-------+----------+-------------------------------------------
     0 | D        | Conn321 the Troll Berserker began the quest for the Orb.
     0 | D        | Reached XP level 1. HP: 22/22 MP: 0/0
     2 | D        | Noticed Ijyb
     5 | D        | Killed Ijyb
     5 | D        | Reached skill level 4 in Unarmed Combat
     5 | D        | Reached XP level 2. HP: 28/31 MP: 1/1
     8 | D        | Noticed an ogre
    13 | D        | Killed an ogre
    13 | D        | Reached ** piety under Trog
    13 | D        | Reached skill level 5 in Unarmed Combat
    13 | D        | Reached XP level 3. HP: 41/41 MP: 2/2
    13 | D        | Reached XP level 4. HP: 49/49 MP: 3/3
    59 | D        | Noticed Sigmund
    68 | D        | Killed Sigmund
    68 | D        | Reached skill level 7 in Unarmed Combat
    68 | D        | Reached XP level 5. HP: 50/59 MP: 4/4
    85 | D        | Found a deep blue altar of Sif Muna.
    87 | D        | Found a radiant altar of Vehumet.
    90 | D        | Reached XP level 6. HP: 68/68 MP: 5/5
   121 | D        | Found Suoror's Assorted Antiques.
   121 | D        | Found a white marble altar of Elyvilon.
   121 | D        | Found a stormy altar of Qazlal.
   121 | D        | Found a burning altar of Makhleb.
   121 | D        | Found a sacrificial altar of Ru.
   121 | D        | Found a hazy altar of Hepliaklqana.
   121 | D        | Found an oddly glowing altar of Pakellas.
   121 | D        | Found a hide-covered altar of Uskayaw.
   121 | D        | Found a basalt altar of Yredelemnul.
   121 | D        | Found a glowing golden altar of the Shining One.
   121 | D        | Found a sparkling altar of Nemelex Xobeh.
   121 | D        | Found a shimmering altar of Xom.
   121 | D        | Found an opulent altar of Gozag.
   121 | D        | Found an ancient bone altar of Kikubaaqudgha.
   121 | D        | Found a glowing silver altar of Zin.
   121 | D        | Noticed a yak
   124 | D        | Killed a yak
   124 | D        | Reached *** piety under Trog
   124 | D        | Reached skill level 8 in Unarmed Combat
   125 | D        | Found an iron altar of Okawaru.
   128 | D        | Found a bloodstained altar of Trog.
   132 | D        | Bought a leatherbound manual for 300 gold pieces
   147 | D        | Found a snail-covered altar of Cheibriados.
   147 | D        | Found a viscous altar of Jiyva.
   147 | D        | Found a shadowy altar of Dithmenos.
   147 | D        | Found a blossoming altar of Fedhas.
   147 | D        | Noticed a slime creature
   159 | D        | Slain by a slime creature

Vault maps used:
D:        dungeon_sprint_1

Skill      XL: |  1  2  3  4  5  6 |
---------------+-------------------+-----
Fighting       | 3 4 6 7 |  7.0
Dodging        | 3 4 6 7 |  7.3
Unarmed Combat | 4 5 7 8 |  8.6
Polearms       | 2 |  2.5

Action                   |  1- 3 |  4- 6 || total
-------------------------+-------+-------++-------
Melee: Unarmed           |     4 |     8 ||    12
       Punch             |       |     1 ||     1
       Scythe            |       |    17 ||    17
Invok: Berserk           |     1 |       ||     1
Armor: Animal skin       |       |     2 ||     2
Dodge: Dodged            |     1 |    14 ||    15
